 Dungeon Crawl Stone Soup version 0.20.1-1-g8b1a95d (webtiles) character file.

163 Jazqa the Skirmisher (level 5, 0/75 HPs)
             Began as a Minotaur Monk on Oct 31, 2017.
             Slain by a gnoll
             ... wielding a +0 spear
              (5 damage)
             ... on level 3 of the Dungeon.
             The game lasted 00:01:51 (1438 turns).

Jazqa the Skirmisher (Minotaur Monk)                Turns: 1438, Time: 00:01:52

Health: 0/75       AC: 22    Str: 16    XL:     5   Next: 20%
Magic:  4/4        EV:  2    Int:  7    God:
Gold:   53         SH:  0    Dex: 17    Spells: 4/4 levels left

rFire    . . .     SeeInvis .   a - +0 spear
rCold    . . .     Gourm    .   (no shield)
rNeg     + + +     Faith    .   (armour currently unavailable)
rPois    +         Spirit   .   (helmet currently unavailable)
rElec    .         Reflect  .   (cloak currently unavailable)
rCorr    .         Harm     .   (gloves currently unavailable)
MR       +....     NoTele   +   (boots currently unavailable)
Stlth    ++........             (no amulet)
Regen    0.3/turn               X - +4 ring of dexterity
MPRegen  0.1/turn               M - ring of protection from magic

@: tree-form
A: (retaliatory headbutt)
a: no special abilities


You were on level 3 of the Dungeon.
You were not hungry.
You were a tree.
You visited 1 branch of the dungeon, and saw 3 of its levels.

You collected 53 gold pieces.


Innate Abilities, Weirdness & Mutations

((You reflexively headbutt those who attack you in melee.))
((You have a pair of horns on your head.))


   Skills:
 + Level 5.9 Fighting
 + Level 5.4 Polearms
 - Level 3.2 Dodging
 - Level 1.5 Stealth


You had 4 spell levels left.
You didn't know any spells.

Inventory:

Hand Weapons
 a - a +0 spear (weapon)
Armour
 b - a +0 robe (melded)
 e - a +0 pair of gloves (melded)
Jewellery
 M - a ring of protection from magic (right branch)
 X - a +4 ring of dexterity (left branch)
Scrolls
 i - a scroll of immolation {unknown}
 j - 2 scrolls of random uselessness {unknown}
 k - a scroll of enchant armour {unknown}
Potions
 d - a potion of lignification {!q}
Comestibles
 c - 4 bread rations {@e1}
 f - 4 chunks of flesh
 g - a royal jelly {@e3}
 h - 5 fruits {@e2}

Dungeon Overview and Level Annotations

Branches:
Dungeon (3/15)

Altars:
Nemelex Xobeh

#.# #.# #.# ###.###
..... ##### ...
#...# #g# #.#<# #g#
#.####### #♣#
#.......# #.###
#######.#.# #...#
.#######.#.# #...#
.........#.# #...#
########.#.# #...#
.........#.# #...#
########.#.#
#...#####
######.#.###........


You could see 2 gnolls.


Message History

Attack whom?
Press: ? - help, Dir - move target cursor, f/p - gnoll
Aim: a gnoll, wielding a spear (severely wounded)
You reach to attack!
You hit the gnoll.
The gnoll is almost dead.
The gnoll hits you but does no damage.
Attack whom?
Press: ? - help, Dir - move target cursor, f/p - gnoll
Aim: a gnoll, wielding a spear (almost dead)
You reach to attack!
You hit the gnoll.
You kill the gnoll!
Some of the chunks of flesh in your inventory have rotted away.
Attack whom?
Press: ? - help, Dir - move target cursor, f - gnoll
Aim: a gnoll (heavily wounded)
You reach to attack!
You hit the gnoll.
The gnoll is almost dead.
Attack whom?
Press: ? - help, Dir - move target cursor, f/p - gnoll
Aim: a gnoll (almost dead)
You reach to attack!
You barely miss the gnoll.
The gnoll is almost dead.
Attack whom?
Press: ? - help, Dir - move target cursor, f/p - gnoll
Aim: a gnoll (almost dead)
You hit the gnoll.
The gnoll is almost dead.
The gnoll hits you but does no damage.
The gnoll hits you from afar with a spear.
You die...

Skill      XL: |  1  2  3  4 |
---------------+-------------+-----
Fighting       | 4 5 |  5.9
Polearms       | 4 5 |  5.4
Dodging        | |  3.2
Stealth        | |  1.5

Action                   |  1- 3 |  4- 6 || total
-------------------------+-------+-------++-------
Melee: Spear             |    70 |    51 ||   121
       Headbutt          |     4 |     8 ||    12
  Use: Potion            |       |     1 ||     1
 Stab: Sleeping          |     4 |       ||     4
  Eat: Chunk             |       |     2 ||     2
Armor: Robe              |     9 |     2 ||    11
       Skin              |       |     5 ||     5
Dodge: Dodged            |    18 |    14 ||    32

Vault maps used:
D:1:      dpeg_arrival_lava_altar
D:2:      overflow_temple_1_default, chequers_ecumenical_altar_simple,
          minmay_stone_trees_small, uniq_natasha
D:3:      led_sif_book, chequers_temple_overflow_statue_of_worship,
          nrook_loot_triangle, nicolae_ru_sacrificial_ziggurat

Notes
Turn   | Place    | Note
-------+----------+-------------------------------------------
     0 | D:1      | Jazqa the Minotaur Monk began the quest for the Orb.
     0 | D:1      | Reached XP level 1. HP: 19/19 MP: 0/0
    99 | D:1      | Reached skill level 4 in Fighting
   133 | D:1      | Reached XP level 2. HP: 27/27 MP: 1/1
   374 | D:1      | Reached skill level 4 in Polearms
   657 | D:2      | Found a faded altar of an unknown god.
   670 | D:2      | Reached XP level 3. HP: 30/34 MP: 2/2
   807 | D:2      | Reached skill level 5 in Fighting
   814 | D:2      | Noticed Natasha
   822 | D:2      | Killed Natasha
   822 | D:2      | Reached XP level 4. HP: 20/42 MP: 3/3
  1036 | D:2      | Reached skill level 5 in Polearms
  1144 | D:2      | Noticed Natasha
  1150 | D:2      | Killed Natasha
  1236 | D:2      | Found a sparkling altar of Nemelex Xobeh.
  1350 | D:2      | Noticed Natasha
  1363 | D:2      | Killed Natasha
  1363 | D:2      | Reached XP level 5. HP: 42/50 MP: 4/4
  1425 | D:3      | HP: 2/50 [gnoll/spear (8)]
  1438 | D:3      | Slain by a gnoll

Vanquished Creatures
  Natasha (thrice) (D:2)
  2 gnolls (D:3)
  4 adders (D:2)
  A worm (D:2)
  A dart slug (D:2)
  2 leopard geckos (D:1)
  5 bats
  3 giant cockroaches
  2 goblins
  5 hobgoblins
  2 frilled lizards (D:1)
  3 rats (D:1)
33 creatures vanquished.
